 Dungeon Crawl Stone Soup version bcrawl-1.38.1 (webtiles) character file.

Game seed: 7968650597153581411

188172 Morbidden the Ducker (level 4, -2/41 HPs)
             Began as a Troll Archaeologist on Apr 3, 2023.
             Slain by a gnoll
             ... wielding a +0 flail
              (10 damage)
             ... on level 2 of the Dungeon.
             The game lasted 00:01:31 (1220 turns).

Morbidden the Ducker (Troll Archaeologist)          Turns: 1220, Time: 00:01:31

Health: -2/41      AC:  6    Str: 19    XL:     4   Next: 58%
Magic:  3/3        EV: 10    Int: 12    God:
Gold:   79         SH:  0    Dex:  8    Spells: 3/3 levels left

rFire    . . .     GDR:     24%   - Claws (13.7)
rCold    . . .     SeeInvis .   (no shield)
rNeg     . . .     Gourm    +   (armour unavailable)
rPois    .         Faith    .   c - +1 hat
rElec    .         Spirit   .   (no cloak)
rCorr    .         Reflect  .   (gloves unavailable)
MR       .....                  (boots unavailable)
Stlth    ++........             k - amulet of regeneration
HPRegen  0.65/turn              (no ring)
MPRegen  0.08/turn              (no ring)

@: no status effects
A: large, almost no armour, claws 3, fast metabolism 3, gourmand, regeneration
1, AC +5
a: no special abilities


You were on level 2 of the Dungeon.
You were very full.

You visited 1 branch of the dungeon, and saw 2 of its levels.

You collected 79 gold pieces.

Inventory:

Hand Weapons
 b - a +0 blowgun
Missiles
 d - 6 curare-tipped needles
 h - 901 stones (quivered)
Armour
 c - a +1 hat (worn)
Jewellery
 k - an amulet of regeneration (around neck)
Scrolls
 g - a scroll of magic mapping
Potions
 a - a potion of might {unknown}
 i - a potion of curing {unknown}
 j - a potion of degeneration {unknown}
Miscellaneous
 f - a dusty tome
Comestibles
 e - 6 rations {!d}
 l - 4 chunks of flesh


   Skills:
 * Level 1.1 Fighting
   Level 1.0 Maces & Flails
 * Level 1.0 Throwing
 * Level 3.0 Dodging
 + Level 2.1 Stealth
 * Level 1.8 Unarmed Combat
 * Level 0.4 Spellcasting
 * Level 0.7 Evocations


You had 3 spell levels left.
You didn't know any spells.
Your spell library was empty.

Dungeon Overview and Level Annotations

Branches:
Dungeon (2/12)

Altars:


Innate Abilities, Weirdness & Mutations

You cannot wear most types of armour.
Your thick skin is tough. (AC +5)
You are too large for most types of armour.
You have claws for hands.
Your metabolism is lightning-fast.
You like to eat raw meat.
Your natural rate of healing is unusually fast.


Message History

The gnoll is almost dead.
The gnoll hits you with a +0 spear!
* * * LOW HITPOINT WARNING * * *
You scratch the gnoll.
You kill the gnoll!
You scratch the gnoll but do no damage. The gnoll hits you with a +0 flail.
* * * LOW HITPOINT WARNING * * *
You scratch the gnoll.
The gnoll is lightly wounded.
The gnoll hits you with a +0 flail.
* * * LOW HITPOINT WARNING * * *
You closely miss the gnoll.
The gnoll is lightly wounded.
The gnoll barely misses you.
You barely miss the gnoll.
The gnoll is lightly wounded.
You claw the gnoll!
The gnoll is severely wounded.
The gnoll hits you with a +0 flail!
You die...

#######.........)#
+........[.+ ..
#.........)# #.#
####..........#####.#
.......g.........##.#
#######g########.##.#
#.# #.##.#
#.########..#.#
#.....g@......#######
###########..........
##.######## #.## #..#
#..## #...#
########.#.# ##.
#........#.## ....


You could see a gnoll.

Vanquished Creatures
  Jessica (D:2)
  2 gnolls (D:2)
  2 oozes
  A worm (D:2)
  2 dart slugs
  3 leopard geckos
  An orc (D:2)
  5 bats
  3 giant cockroaches (D:1)
  4 hobgoblins
  4 jackals (D:2)
  3 kobolds
  2 frilled lizards
  4 goblins
  7 rats
44 creatures vanquished.

Notes
Turn   | Place    | Note
-------+----------+-------------------------------------------
     0 | D:1      | Morbidden the Troll Archaeologist began the quest for the
                  | Orb.
     0 | D:1      | Reached XP level 1. HP: 18/18 MP: 0/0
    75 | D:1      | Reached XP level 2. HP: 17/26 MP: 1/1
   452 | D:1      | Reached skill level 1 in Fighting
   515 | D:1      | Reached XP level 3. HP: 28/33 MP: 2/2
   770 | D:2      | Noticed Jessica
   781 | D:2      | Killed Jessica
   782 | D:2      | Reached skill level 3 in Dodging
   782 | D:2      | Reached skill level 1 in Unarmed Combat
   934 | D:2      | Gained mutation: Your natural rate of healing is unusually
                  | fast. [Troll growth]
   934 | D:2      | Reached XP level 4. HP: 41/41 MP: 3/3
  1183 | D:2      | Reached skill level 1 in Throwing
  1220 | D:2      | Slain by a gnoll

Skill      XL: |  1  2  3  4 |
---------------+-------------+-----
Fighting       | 1 |  1.1
Stealth        | 2 |  2.1
Dodging        | 3 |  3.0
Unarmed Combat | 1 |  1.8
Throwing       | 1 |  1.0
Maces & Flails | |  1.0
Spellcasting   | |  0.4
Evocations     | |  0.7

Action                   |  1- 3 |  4- 6 || total
-------------------------+-------+-------++-------
Melee: Unarmed           |    76 |    52 ||   128
  Use: Scroll            |     1 |       ||     1
 Stab: Sleeping          |     2 |     1 ||     3
  Eat: Chunk             |    13 |     2 ||    15
Armor: Skin              |    23 |    28 ||    51
Dodge: Dodged            |    41 |    36 ||    77
